TOP OF THE 1ST |
Niagara Falls Phantoms batting - Pitching for Hamilton Cardinals : RHP Jim Morse
|
Pitching: RHP Jim Morse
|
|
Batting: LHB Carlos Palau
|
0-0: SOLO HOME RUN (Flyball, 9D, EV 103.8 MPH), Distance : 399 ft
|
Batting: LHB Justin Short
|
0-0: SINGLE (Groundball, 34D, EV 108.1 MPH)
|
Batting: RHB Danny Ayala
|
0-0: Ball 1-0: Ball 2-0: SINGLE (Line Drive, 34D, EV 95.0 MPH) Justin Short to second
|
Batting: RHB Yasuoka Tsuda
|
0-0: Ball 1-0: 3-RUN HOME RUN (Flyball, 9D, EV 100.0 MPH), Distance : 399 ft
|
Batting: RHB Jesus Ruiz
|
0-0: Called Strike 0-1: Ball 1-1: Ball 2-1: Called Strike 2-2: Ball 3-2: Foul Ball, location: 2F 3-2: Base on Balls
|
Batting: RHB Ken Stair
|
0-0: Called Strike 0-1: Ball 1-1: DOUBLE (Line Drive, 7LS, EV 98.8 MPH) Jesus Ruiz to third
|
Batting: RHB Paul Ngumi
|
0-0: Called Strike 0-1: Foul Ball, location: 2F 0-2: Foul Ball, location: 2F 0-2: SINGLE (Line Drive, 78M, EV 100.0 MPH) Jesus Ruiz scores Ken Stair to third
|
Batting: RHB Tchaa Kombate
|
0-0: SINGLE (Flyball, 7, EV 84.4 MPH) Ken Stair scores Paul Ngumi to second
|
Batting: RHB Arturo Gomez
|
0-0: SINGLE (Groundball, 5D, EV 100.0 MPH) Paul Ngumi to third Tchaa Kombate to second Runner from 3rd tries for Home, SAFE, throw by LF to home
|
Now in LF: Mike East
|
|
Batting: LHB Carlos Palau
|
0-0: SINGLE (Line Drive, 34D, EV 100.0 MPH) Tchaa Kombate to third Arturo Gomez to second
|
Batting: LHB Justin Short
|
0-0: Ball 1-0: Ball 2-0: Ball 3-0: Called Strike 3-1: Foul Ball, location: 2F 3-2: Base on Balls Tchaa Kombate scores Arturo Gomez to third Carlos Palau to second
|
Pitching: RHP Julio Sandoval
|
|
Batting: RHB Danny Ayala
|
0-0: Ball 1-0: Grounds into double play, 3-6-3 (Groundball, 34, EV 78.1 MPH) Arturo Gomez scores Carlos Palau to third
|
Batting: RHB Yasuoka Tsuda
|
0-0: Ball 1-0: Ball 2-0: Ball 3-0: Called Strike 3-1: Foul Ball, location: 2F 3-2: Strikes out swinging
|
Top of the 1st over - 9 runs, 9 hits, 0 errors, 1 left on base; Niagara Falls 9 - Hamilton 0 |
BOTTOM OF THE 1ST |
Hamilton Cardinals batting - Pitching for Niagara Falls Phantoms : LHP Daniel Fagan
|
Pitching: LHP Daniel Fagan
|
|
Batting: RHB Nick Latulippe
|
0-0: Called Strike 0-1: Ball 1-1: Ball 2-1: Foul Ball, location: 2F 2-2: Ball 3-2: SINGLE (Groundball, 4S, EV 96.9 MPH)
|
Batting: LHB Ken Morehead
|
0-0: Called Strike Nick Latulippe steals 2nd base 0-1: Swinging Strike 0-2: Foul Ball, location: 2F 0-2: Ball 1-2: Ground out U3 (Groundball, 34, EV 83.8 MPH) Nick Latulippe to third
|
Batting: RHB Sam Daw
|
0-0: Ball 1-0: Called Strike 1-1: Ball 2-1: Swinging Strike 2-2: Foul Ball, location: 2F 2-2: Strikes out looking
|
Batting: RHB Bobby Miles
|
0-0: Ball 1-0: Foul Ball, location: 2F 1-1: Foul Ball, location: 2F 1-2: Ball 2-2: Foul Ball, location: 2F 2-2: Foul Ball, location: 2F 2-2: Strikes out swinging
|
Bottom of the 1st over - 0 runs, 1 hit, 0 errors, 1 left on base; Niagara Falls 9 - Hamilton 0 |
TOP OF THE 2ND |
Niagara Falls Phantoms batting - Pitching for Hamilton Cardinals : RHP Julio Sandoval
|
Batting: RHB Jesus Ruiz
|
0-0: Ball 1-0: Foul Ball, location: 2F 1-1: Called Strike 1-2: Ball 2-2: Foul Ball, location: 2F 2-2: Foul Ball, location: 2F 2-2: Ball 3-2: Base on Balls
|
Batting: RHB Ken Stair
|
0-0: Grounds into double play, 4-6-3 (Groundball, 4, EV 86.9 MPH)
|
Batting: RHB Paul Ngumi
|
0-0: Called Strike 0-1: Ball 1-1: Ball 2-1: DOUBLE (Flyball, 9LM, EV 100.6 MPH)
|
Batting: RHB Tchaa Kombate
|
0-0: Called Strike 0-1: Foul Ball, location: 2F 0-2: Strikes out swinging
|
Top of the 2nd over - 0 runs, 1 hit, 0 errors, 1 left on base; Niagara Falls 9 - Hamilton 0 |
BOTTOM OF THE 2ND |
Hamilton Cardinals batting - Pitching for Niagara Falls Phantoms : LHP Daniel Fagan
|
Batting: RHB McGwire Jones
|
0-0: Ball 1-0: Called Strike 1-1: Foul Ball, location: 2F 1-2: Foul Ball, location: 2F 1-2: Strikes out swinging
|
Batting: RHB Johnny Lowe
|
0-0: Ball 1-0: Foul Ball, location: 2F 1-1: Ball 2-1: Ball 3-1: Fly out, F9 (Flyball, 9S, EV 82.5 MPH)
|
Batting: RHB Joey Black
|
0-0: Ball 1-0: Called Strike 1-1: Ball 2-1: SOLO HOME RUN (Flyball, 7D, EV 96.2 MPH), Distance : 357 ft
|
Batting: RHB Chris Rouleau
|
0-0: Called Strike 0-1: Swinging Strike 0-2: Foul Ball, location: 2F 0-2: Strikes out looking
|
Bottom of the 2nd over - 1 run, 1 hit, 0 errors, 0 left on base; Niagara Falls 9 - Hamilton 1 |
TOP OF THE 3RD |
Niagara Falls Phantoms batting - Pitching for Hamilton Cardinals : RHP Julio Sandoval
|
Batting: RHB Arturo Gomez
|
0-0: Ball 1-0: Foul Ball, location: 2F 1-1: Foul Ball, location: 2F 1-2: Fly out, F9 (Flyball, 89M, EV 83.8 MPH)
|
Batting: LHB Carlos Palau
|
0-0: Ball 1-0: Ball 2-0: Swinging Strike 2-1: Ball 3-1: Foul Ball, location: 2F 3-2: Foul Ball, location: 2F 3-2: Foul Ball, location: 2F 3-2: Base on Balls
|
Batting: LHB Justin Short
|
0-0: Foul Ball, location: 2F 0-1: Foul Ball, location: 2F 0-2: Ball 1-2: 2-RUN HOME RUN (Flyball, 9LD, EV 95.0 MPH), Distance : 350 ft
|
Batting: RHB Danny Ayala
|
0-0: Ball 1-0: Foul Ball, location: 2F 1-1: Ball 2-1: Ball 3-1: Base on Balls
|
Batting: RHB Yasuoka Tsuda
|
0-0: SINGLE (Groundball, 34D, EV 100.0 MPH) Danny Ayala to second Runner from 2nd tries for 3rd, SAFE, throw by RF made to third
|
Batting: RHB Jesus Ruiz
|
0-0: Ball 1-0: Ball 2-0: Foul Ball, location: 2F 2-1: SINGLE (Groundball, 56D, EV 98.8 MPH) Danny Ayala scores Yasuoka Tsuda to second
|
Pitching: LHP Sal Guzman
|
|
Batting: RHB Ken Stair
|
0-0: Foul Ball, location: 2F 0-1: Ball 1-1: Foul Ball, location: 2F 1-2: Strikes out looking
|
Batting: RHB Paul Ngumi
|
0-0: Ball 1-0: Swinging Strike 1-1: Ball 2-1: Foul Ball, location: 2F 2-2: Ball 3-2: Foul Ball, location: 2F 3-2: SINGLE (Line Drive, 34D, EV 95.0 MPH) Yasuoka Tsuda to third Jesus Ruiz to second Yasuoka Tsuda scores Jesus Ruiz to third
|
Batting: RHB Tchaa Kombate
|
0-0: Called Strike 0-1: Ball 1-1: Ball 2-1: Ball 3-1: Base on Balls Paul Ngumi to second
|
Batting: RHB Arturo Gomez
|
0-0: SINGLE (Groundball, 56D, EV 94.4 MPH) Jesus Ruiz scores Paul Ngumi to third Tchaa Kombate to second Runner from 3rd tries for Home, throw by LF and OUT! 7-2
|
Top of the 3rd over - 5 runs, 5 hits, 0 errors, 2 left on base; Niagara Falls 14 - Hamilton 1 |
BOTTOM OF THE 3RD |
Hamilton Cardinals batting - Pitching for Niagara Falls Phantoms : LHP Daniel Fagan
|
Batting: LHB Mike East
|
0-0: Ball 1-0: Ball 2-0: Hit by Pitch
|
Batting: RHB Nick Latulippe
|
0-0: Swinging Strike 0-1: Ball 1-1: Called Strike 1-2: Foul Ball, location: 2F 1-2: Ball 2-2: Foul Ball, location: 2F 2-2: Foul Ball, location: 2F 2-2: Strikes out swinging
|
Batting: LHB Ken Morehead
|
0-0: Ball 1-0: Swinging Strike 1-1: Foul Ball, location: 2F 1-2: Ball 2-2: Foul Ball, location: 2F 2-2: SINGLE (Groundball, 6D, EV 99.4 MPH) Mike East to second
|
Batting: RHB Sam Daw
|
0-0: Foul Ball, location: 2F 0-1: Foul Ball, location: 2F 0-2: Foul Ball, location: 2F 0-2: 3-RUN HOME RUN (Flyball, 7LD, EV 93.8 MPH), Distance : 351 ft
|
Batting: RHB Bobby Miles
|
0-0: Fly out, F8 (Flyball, 8RXD, EV 93.8 MPH)
|
Batting: RHB McGwire Jones
|
0-0: Called Strike 0-1: Ball 1-1: Foul Ball, location: 2F 1-2: SINGLE (Groundball, 6MD, EV 102.5 MPH)
|
Batting: RHB Johnny Lowe
|
0-0: Foul Ball, location: 2F 0-1: Ball 1-1: Ball 2-1: Ball 3-1: Fly out, F9 (Flyball, 89M, EV 95.6 MPH)
|
Bottom of the 3rd over - 3 runs, 3 hits, 0 errors, 1 left on base; Niagara Falls 14 - Hamilton 4 |
TOP OF THE 4TH |
Niagara Falls Phantoms batting - Pitching for Hamilton Cardinals : LHP Sal Guzman
|
Batting: LHB Carlos Palau
|
0-0: Fly out, F8 (Flyball, 8RD, EV 96.9 MPH)
|
Batting: LHB Justin Short
|
0-0: Called Strike 0-1: Foul Ball, location: 2F 0-2: Ball 1-2: Ball 2-2: Ground out 6-3 (Groundball, 6, EV 86.2 MPH)
|
Batting: RHB Danny Ayala
|
0-0: Called Strike 0-1: Ball 1-1: Ball 2-1: SINGLE (Flyball, 34D, EV 88.8 MPH)
|
Batting: RHB Yasuoka Tsuda
|
0-0: Swinging Strike 0-1: Fielders Choice at 2nd, 6-4 (Groundball, 6, EV 86.2 MPH)
|
Top of the 4th over - 0 runs, 1 hit, 0 errors, 1 left on base; Niagara Falls 14 - Hamilton 4 |
BOTTOM OF THE 4TH |
Hamilton Cardinals batting - Pitching for Niagara Falls Phantoms : LHP Daniel Fagan
|
Batting: RHB Joey Black
|
0-0: Ball 1-0: Ball 2-0: Ball 3-0: Called Strike 3-1: Foul Ball, location: 2F 3-2: Foul Ball, location: 2F 3-2: Foul Ball, location: 2F 3-2: Strikes out swinging
|
Batting: RHB Chris Rouleau
|
0-0: Called Strike 0-1: Swinging Strike 0-2: Strikes out swinging
|
Batting: LHB Mike East
|
0-0: Called Strike 0-1: Ball 1-1: Called Strike 1-2: Strikes out swinging
|
Bottom of the 4th over - 0 runs, 0 hits, 0 errors, 0 left on base; Niagara Falls 14 - Hamilton 4 |
TOP OF THE 5TH |
Niagara Falls Phantoms batting - Pitching for Hamilton Cardinals : LHP Sal Guzman
|
Batting: RHB Jesus Ruiz
|
0-0: Ball 1-0: Ball 2-0: Ball 3-0: Base on Balls
|
Batting: RHB Ken Stair
|
0-0: Foul Ball, location: 2F 0-1: Ball 1-1: Called Strike Balk! Jesus Ruiz to second 1-2: Fly out, F8 (Flyball, 89M, EV 83.1 MPH)
|
Batting: RHB Paul Ngumi
|
0-0: Called Strike 0-1: Ball 1-1: Foul Ball, location: 2F 1-2: Ball 2-2: Fly out, F7 (Flyball, 78S, EV 89.4 MPH)
|
Batting: RHB Tchaa Kombate
|
0-0: SINGLE (Groundball, 4S, EV 70.0 MPH) (infield hit) Jesus Ruiz to third
|
Batting: RHB Arturo Gomez
|
0-0: Ball Passed Ball! Jesus Ruiz scores Tchaa Kombate to second 1-0: Ball 2-0: Ball 3-0: Called Strike 3-1: Base on Balls
|
Batting: LHB Carlos Palau
|
0-0: SINGLE (Groundball, 34D, EV 84.4 MPH) (infield hit) Tchaa Kombate to third Arturo Gomez to second
|
Batting: LHB Justin Short
|
0-0: Called Strike 0-1: Ball 1-1: Swinging Strike 1-2: Foul Ball, location: 2F 1-2: Ball 2-2: Fly out, F4 (Popup, 3S, EV 91.2 MPH)
|
Top of the 5th over - 1 run, 2 hits, 0 errors, 3 left on base; Niagara Falls 15 - Hamilton 4 |
BOTTOM OF THE 5TH |
Hamilton Cardinals batting - Pitching for Niagara Falls Phantoms : LHP Daniel Fagan
|
Batting: RHB Nick Latulippe
|
0-0: Foul Ball, location: 2F 0-1: DOUBLE (Line Drive, 89D, EV 111.9 MPH)
|
Batting: LHB Ken Morehead
|
0-0: Ball 1-0: Called Strike 1-1: Swinging Strike 1-2: Strikes out swinging
|
Batting: RHB Sam Daw
|
0-0: Ball 1-0: Called Strike 1-1: SINGLE (Line Drive, 78M, EV 111.2 MPH) Nick Latulippe to third
|
Batting: RHB Bobby Miles
|
0-0: Grounds into double play, 6-4-3 (Groundball, 6, EV 100.6 MPH)
|
Bottom of the 5th over - 0 runs, 2 hits, 0 errors, 1 left on base; Niagara Falls 15 - Hamilton 4 |
TOP OF THE 6TH |
Niagara Falls Phantoms batting - Pitching for Hamilton Cardinals : LHP Sal Guzman
|
Pitching: RHP Steve Hansen
|
|
Batting: RHB Danny Ayala
|
0-0: Foul Ball, location: 2F 0-1: Ball 1-1: Called Strike 1-2: Ball 2-2: Ball 3-2: Base on Balls
|
Batting: RHB Yasuoka Tsuda
|
0-0: Foul Ball, location: 2F 0-1: Ball 1-1: Ball 2-1: Swinging Strike 2-2: Ball 3-2: Foul Ball, location: 2F 3-2: Grounds into double play, 5-4-3 (Groundball, 56, EV 86.9 MPH)
|
Batting: RHB Jesus Ruiz
|
0-0: Ball 1-0: Called Strike 1-1: Ground out 3-1 (Groundball, 34S, EV 83.1 MPH)
|
Top of the 6th over - 0 runs, 0 hits, 0 errors, 0 left on base; Niagara Falls 15 - Hamilton 4 |
BOTTOM OF THE 6TH |
Hamilton Cardinals batting - Pitching for Niagara Falls Phantoms : LHP Daniel Fagan
|
Batting: RHB McGwire Jones
|
0-0: Swinging Strike 0-1: Foul Ball, location: 2F 0-2: Strikes out swinging
|
Batting: RHB Johnny Lowe
|
0-0: Ball 1-0: Swinging Strike 1-1: Foul Ball, location: 2F 1-2: Ball 2-2: Foul Ball, location: 2F 2-2: Ball 3-2: Foul Ball, location: 2F 3-2: Foul Ball, location: 2F 3-2: Base on Balls
|
Pitching: RHP Matt Elliott
|
|
Batting: RHB Joey Black
|
0-0: Hit by Pitch Johnny Lowe to second
|
Batting: RHB Chris Rouleau
|
0-0: SINGLE (Groundball, 6S, EV 65.6 MPH) (infield hit) Johnny Lowe to third Joey Black to second
|
Batting: LHB Mike East
|
0-0: Ball 1-0: Called Strike 1-1: Called Strike 1-2: Ball 2-2: Foul Ball, location: 2F 2-2: Fielders Choice at 2nd, 4-6 (Groundball, 4, EV 97.5 MPH) Johnny Lowe scores Joey Black to third
|
Batting: RHB Nick Latulippe
|
0-0: Called Strike 0-1: Ball 1-1: Ball 2-1: Swinging Strike 2-2: Foul Ball, location: 2F 2-2: Foul Ball, location: 2F 2-2: Ball 3-2: Foul Ball, location: 2F 3-2: Foul Ball, location: 2F 3-2: Strikes out swinging
|
Bottom of the 6th over - 1 run, 1 hit, 0 errors, 2 left on base; Niagara Falls 15 - Hamilton 5 |
TOP OF THE 7TH |
Niagara Falls Phantoms batting - Pitching for Hamilton Cardinals : RHP Steve Hansen
|
Batting: LHB Danny de Leon
|
0-0: Called Strike 0-1: Fly out, F7 (Flyball, 7LS, EV 88.1 MPH)
|
Batting: RHB Paul Ngumi
|
0-0: Ball 1-0: Foul Ball, location: 2F 1-1: Ball 2-1: Swinging Strike 2-2: Fly out, F9 (Line Drive, 9, EV 88.8 MPH)
|
Batting: RHB Tchaa Kombate
|
0-0: Ball 1-0: Ball 2-0: Fly out, F8 (Flyball, 78M, EV 90.6 MPH)
|
Top of the 7th over - 0 runs, 0 hits, 0 errors, 0 left on base; Niagara Falls 15 - Hamilton 5 |
BOTTOM OF THE 7TH |
Hamilton Cardinals batting - Pitching for Niagara Falls Phantoms : RHP Matt Elliott
|
Batting: LHB Ken Morehead
|
0-0: Swinging Strike 0-1: Called Strike 0-2: Strikes out swinging
|
Batting: RHB Sam Daw
|
0-0: Ball 1-0: Ball 2-0: Ball 3-0: Called Strike 3-1: Foul Ball, location: 2F 3-2: Base on Balls
|
Pitching: RHP Francisco Rosado
|
|
Batting: RHB Bobby Miles
|
0-0: Called Strike 0-1: Ball 1-1: Ball 2-1: Ground out 6-3 (Groundball, 6M, EV 82.5 MPH) Sam Daw to second
|
Batting: RHB McGwire Jones
|
0-0: Called Strike 0-1: Foul Ball, location: 2F 0-2: Strikes out swinging
|
Bottom of the 7th over - 0 runs, 0 hits, 0 errors, 1 left on base; Niagara Falls 15 - Hamilton 5 |
TOP OF THE 8TH |
Niagara Falls Phantoms batting - Pitching for Hamilton Cardinals : RHP Steve Hansen
|
Batting: RHB Arturo Gomez
|
0-0: Swinging Strike 0-1: Ball 1-1: Called Strike 1-2: Ball 2-2: Hit by Pitch
|
Pinch Runner at 1st Dario Segura:
|
|
Batting: LHB Carlos Palau
|
0-0: Ball 1-0: Ball 2-0: Swinging Strike 2-1: Ball 3-1: Foul Ball, location: 2F 3-2: Strikes out swinging
|
Batting: LHB Justin Short
|
0-0: Fly out, F8 (Flyball, 8RD, EV 97.5 MPH)
|
Batting: RHB Danny Ayala
|
0-0: Ball 1-0: Swinging Strike 1-1: Fly out, F1 (Line Drive, P, EV 67.5 MPH)
|
Top of the 8th over - 0 runs, 0 hits, 0 errors, 1 left on base; Niagara Falls 15 - Hamilton 5 |
BOTTOM OF THE 8TH |
Hamilton Cardinals batting - Pitching for Niagara Falls Phantoms : RHP Francisco Rosado
|
Now at 1B: Danny Ayala
|
|
Now at SS: Dario Segura
|
|
Batting: RHB Johnny Lowe
|
0-0: SOLO HOME RUN (Flyball, 78XD, EV 101.2 MPH), Distance : 409 ft
|
Batting: RHB Joey Black
|
0-0: Ball 1-0: Called Strike 1-1: Foul Ball, location: 2F 1-2: Foul Ball, location: 2F 1-2: Strikes out swinging
|
Batting: RHB Chris Rouleau
|
0-0: Fly out, F8 (Flyball, 78D, EV 103.1 MPH)
|
Batting: LHB Mike East
|
0-0: Ground out U3 (Groundball, 34S, EV 86.9 MPH)
|
Bottom of the 8th over - 1 run, 1 hit, 0 errors, 0 left on base; Niagara Falls 15 - Hamilton 6 |
TOP OF THE 9TH |
Niagara Falls Phantoms batting - Pitching for Hamilton Cardinals : RHP Steve Hansen
|
Batting: RHB Yasuoka Tsuda
|
0-0: SOLO HOME RUN (Flyball, 89XD, EV 109.4 MPH), Distance : 417 ft
|
Pinch Hitting: LHB Dave Ortiz
|
0-0: Ball 1-0: Ground out 1-3 (Groundball, 23, EV 70.6 MPH)
|
Batting: LHB Danny de Leon
|
0-0: Foul Ball, location: 2F 0-1: Fly out, F7 (Flyball, 7S, EV 88.1 MPH)
|
Batting: RHB Paul Ngumi
|
0-0: Fly out, F7 (Flyball, 7D, EV 75.6 MPH)
|
Top of the 9th over - 1 run, 1 hit, 0 errors, 0 left on base; Niagara Falls 16 - Hamilton 6 |
BOTTOM OF THE 9TH |
Hamilton Cardinals batting - Pitching for Niagara Falls Phantoms : RHP Francisco Rosado
|
Now at C: Dave Ortiz
|
|
Batting: RHB Nick Latulippe
|
0-0: Ball 1-0: Ball 2-0: Called Strike 2-1: Ball 3-1: Foul Ball, location: 2F 3-2: Foul Ball, location: 2F 3-2: SINGLE (Line Drive, 4D, EV 100.0 MPH)
|
Batting: LHB Ken Morehead
|
0-0: Ball 1-0: Ball 2-0: Called Strike 2-1: Swinging Strike 2-2: Ball 3-2: Base on Balls Nick Latulippe to second
|
Pitching: RHP Gary Salazar
|
|
Batting: RHB Sam Daw
|
0-0: Ball 1-0: Called Strike 1-1: Ball 2-1: Foul Ball, location: 2F 2-2: Foul Ball, location: 2F 2-2: Fielders Choice at 2nd, 5-4 (Groundball, 56, EV 89.4 MPH) Nick Latulippe to third
|
Pinch Hitting: RHB Herbert Loveless
|
0-0: Called Strike 0-1: Foul Ball, location: 2F 0-2: Fly out, F1 (Popup, 13, EV 91.9 MPH)
|
Batting: RHB McGwire Jones
|
0-0: Ball 1-0: Called Strike 1-1: Ball 2-1: SINGLE (Flyball, 5D, EV 85.6 MPH) Nick Latulippe scores Sam Daw to second
|
Batting: RHB Johnny Lowe
|
0-0: Called Strike 0-1: Ball 1-1: Ball 2-1: Ball 3-1: Fly out, F8 (Flyball, 8RM, EV 89.4 MPH)
|
Bottom of the 9th over - 1 run, 2 hits, 0 errors, 2 left on base; Niagara Falls 16 - Hamilton 7 |
|